 Dungeon Crawl Stone Soup version 0.29-a0-483-g69413ace17 (webtiles) character file.

Game seed: 11082715472237459400

63 Hubjo the Firebug (level 3, 0/21 HPs)
             Began as a Deep Elf Fire Elementalist on May 25, 2022.
             Slain by Ijyb
             ... wielding a +0 club
              (1 damage)
             ... on level 2 of the Dungeon.
             The game lasted 00:02:40 (2556 turns).

Hubjo the Firebug (Deep Elf Fire Elementalist)      Turns: 2556, Time: 00:02:41

Health: 0/21       AC:  2    Str:  5    XL:     3   Next: 89%
Magic:  7/10       EV: 12    Int: 21    God:
Gold:   105        SH:  0    Dex: 15    Spells: 8/9 levels left

rFire   . . .      SeeInvis .   c - +1 short sword (venom)
rCold   . . .      Faith    .   (no shield)
rNeg    + . .      Spirit   .   a - +0 robe
rPois   .          Reflect  .   (no helmet)
rElec   .          Harm     +   d - scarf {harm}
rCorr   .          Rampage  .   (no gloves)
Will    .....                   (no boots)
Stlth   ++........              (no amulet)
HPRegen 0.07/turn               f - ring of positive energy
MPRegen 0.12/turn               (no ring)

@: no status effects
A: no striking features
a: no special abilities


You were on level 2 of the Dungeon.
You visited 1 branch of the dungeon, and saw 2 of its levels.

You collected 105 gold pieces.

Inventory:

Hand Weapons
 c - a +1 short sword of venom (weapon)
Armour
 a - a +0 robe (worn)
 d - a scarf of harm (worn)
Jewellery
 f - a ring of positive energy (left hand)
 i - a ring of protection from fire
Scrolls
 h - a scroll of vulnerability {unknown}
 j - a scroll of blinking {unknown}
Potions
 e - a potion of brilliance {unknown}
 g - a potion of attraction {unknown}
 k - a potion of degeneration {unknown}


   Skills:
 * Level 1.7 Fighting
 - Level 2.4 Dodging
 + Level 3.2 Stealth
 + Level 3.7 Spellcasting
 - Level 1.1 Conjurations
 + Level 3.7 Fire Magic


You had 8 spell levels left.
You knew the following spells:

 Your Spells              Type           Power      Damage    Failure   Level
a - Foxfire               Conj/Fire      56%        2x1d6     4%          1

Your spell library contained the following spells:

 Spells                   Type           Power      Damage    Failure   Level
 Scorch                   Fire           38%        2d7       4%          2
 Conjure Flame            Conj/Fire      14%        6-21      14%         3
 Inner Flame              Hex/Fire       11%        N/A       17%         3
 Flame Wave               Conj/Fire      14%        2d6       41%         4


Dungeon Overview and Level Annotations

Branches:
Dungeon (2/15)

Altars:

Annotations:
D:2 Ijyb


Message History

The foxfire hits Ijyb but does no damage.
Ijyb is lightly wounded.
Magic courses through your body. Ijyb hits you with a +0 club.
You are too injured to fight recklessly!
Casting: Foxfire (safe; 4% risk of failure)
Confirm with . or Enter, or press ? or * to list all spells.
You conjure some foxfire!
The goblin misses you.
The foxfire hits the goblin.
You kill the goblin!
Ijyb closely misses you.
Casting: Foxfire (safe; 4% risk of failure)
Confirm with . or Enter, or press ? or * to list all spells.
You conjure some foxfire!
The foxfire hits the goblin.
You kill the goblin!
Ijyb hits you with a +0 club.
* * * LOW HITPOINT WARNING * * *
Casting: Foxfire (safe; 4% risk of failure)
Confirm with . or Enter, or press ? or * to list all spells.
You conjure some foxfire!
The foxfire hits Ijyb.
Ijyb is heavily wounded.
The foxfire hits Ijyb but does no damage.
Ijyb is heavily wounded.
Ijyb hits you with a +0 club.
* * * LOW HITPOINT WARNING * * *
Casting: Foxfire (safe; 4% risk of failure)
Confirm with . or Enter, or press ? or * to list all spells.
You conjure some foxfire!
The foxfire hits Ijyb.
Ijyb is severely wounded.
The foxfire hits Ijyb but does no damage.
Ijyb is severely wounded.
Ijyb hits you with a +0 club.
* * * LOW HITPOINT WARNING * * *
The goblin shouts!
You hit Ijyb but do no damage.
Ijyb is poisoned.
Ijyb is severely wounded.
The foxfire hits Ijyb but does no damage.
Ijyb is severely wounded.
The foxfire hits Ijyb but does no damage.
Ijyb is severely wounded.
Ijyb hits you with a +0 club.
You die...

'#.................###.....###...
....######.........# #.....# #...
##..# ...#......# #.....# #...
.#..# ###[#......# #########...
.# .# ........#####.........## .#
#.#....##.............. .#
.#......##.............. .#
......ยงยง##.............. .#
#.@................ ##
#)g)..##..........)
#.....##...........
##.#####........... #..#
##########.. 8..# .... gg..# ....
)....# ... .)....#


You could see Ijyb (very poisoned) and a goblin.

Vanquished Creatures
  3 adders (D:2)
  A worm (D:2)
  A dart slug (D:1)
  4 ball pythons
  4 bats (D:1)
  An endoplasm (D:1)
  5 goblins
  2 hobgoblins
  4 kobolds
  A quokka (D:2)
  3 frilled lizards (D:1)
  2 rats (D:1)
31 creatures vanquished.

Vanquished Creatures (collateral kills)
  7 foxfires
7 creatures vanquished.

Vanquished Creatures (others)
  198 foxfires
198 creatures vanquished.

Grand Total: 236 creatures vanquished

Notes
Turn   | Place    | Note
-------+----------+-------------------------------------------
     0 | D:1      | Hubjo the Deep Elf Fire Elementalist began the quest for
                  | the Orb.
     0 | D:1      | Reached XP level 1. HP: 10/10 MP: 6/6
   524 | D:1      | Reached XP level 2. HP: 16/16 MP: 5/8
  1052 | D:1      | You fall into a shaft and drop 1 floor!
  1322 | D:1      | Reached skill level 1 in Fighting
  1977 | D:2      | Reached XP level 3. HP: 20/20 MP: 4/9
  2537 | D:2      | Noticed Ijyb
  2555 | D:2      | HP: 1/21 [Ijyb/+0 club (4)]
  2556 | D:2      | Slain by Ijyb

Illustrated notes

Levels and vault maps discovered:
D:1:      dpeg_arrival_round_a, layout_basic, serial_bayou_lake_a
D:2:      kennysheep_the_goblin_king, layout_basic, kennysheep_flooded_box

Skill      XL: |  1  2 |
---------------+-------+-----
Fighting       | 1 |  1.7
Stealth        | 3 |  3.2
Dodging        | |  2.4
Spellcasting   | |  3.7
Conjurations   | |  1.1
Fire Magic     | |  3.7

Action                   || total
-------------------------++-------
Melee: Short sword       ||     1
 Cast: Foxfire           ||   126
  Use: Potion            ||     1
Armor: Robe              ||     2
Dodge: Dodged            ||     5

Table legend: (Time is in decaauts)
 A = Elapsed time spent in this place.
 B = Non-inter-level travel time spent in this place.
 C = Inter-level travel time spent in this place.
 D = Time resting spent in this place.
 E = Time spent auto-exploring this place.
 F = Levels seen in this place.
 G = Mean time per level.
                   A        B        C        D        E       F      G
               +--------+--------+--------+--------+--------+-----+--------+
         Total |   2623 |   2351 |    272 |      0 |   2113 |   2 | 1311.5 |
       Dungeon |   2623 |   2351 |    272 |      0 |   2113 |   2 | 1311.5 |
               +--------+--------+--------+--------+--------+-----+--------+

Top non-repeatable levels by time:
     D:1: 1999 daAuts
     D:2: 623 daAuts
